Map: Ice and Chrome LE

Players

Stats

  • Race: Protoss Protoss
  • League: Grandmaster
  • Spawn Location: 7:00

Armani - Winner!

  • Race: Zerg Zerg
  • League: Master
  • Spawn Location: 1:00

Event: War Chest Team League

VOD

Have the link to the VOD?

Description

Time

  • Played on: Aug. 2, 2020, 10:03 a.m.
  • Length: 16:25
Show
View Real Time Build Order
Export as new Build Order

Stats Protoss 

Build Orders: 1 Gate Expand, Archon Immortal, Archon Drop, Dark Templar Rush 

Get SALT Encoding   

  12  0:00  Probe  
  13  0:14  Pylon  
  13  0:17  Probe (Chrono Boost)  
  14  0:26  Probe (Chrono Boost)  
  15  0:31  Probe  
  16  0:40  Gateway  
  16  0:43  Probe  
  16  0:47  Assimilator  
  17  0:55  Probe  
  18  1:07  Probe  
  19  1:20  Probe  
  20  1:26  Nexus  
  20  1:34  Cybernetics Core  
  20  1:37  Probe  
  21  1:42  Assimilator  
  21  1:49  Probe  
  21  1:52  Pylon  
  22  2:01  Probe  
  22  2:08  Adept (Chrono Boost)  
  23  2:10  Warp Gate  
  23  2:13  Probe  
  26  2:25  Probe  
  26  2:28  Twilight Council  
  26  2:29  Stalker (Chrono Boost)  
  29  2:38  Probe (Chrono Boost)  
  29  2:43  Probe (Chrono Boost)  
  31  2:47  Probe (Chrono Boost)  
  33  2:51  Probe (Chrono Boost)  
  33  2:52  Robotics Facility  
  33  2:56  Probe  
  34  3:02  Probe  
  35  3:06  Gateway  
  35  3:09  Probe  
  36  3:14  Probe  
  36  3:16  Dark Shrine  
  37  3:20  Adept  
  37  3:23  Probe  
  40  3:28  Gateway  
  40  3:36  Warp Prism (Chrono Boost)  
  40  3:41  Pylon  
  42  3:43  Probe  
  42  3:45  Probe  
  44  3:51  Assimilator  
  44  3:55  Probe  
  45  3:57  Probe  
  45  4:02  Adept x2  
  50  4:03  Pylon  
  50  4:07  Probe  
  50  4:09  Probe  
  52  4:13  Pylon  
  52  4:15  Assimilator  
  52  4:19  Probe  
  52  4:21  Probe  
  54  4:31  Pylon  
  54  4:32  Probe  
  54  4:33  Probe  
  54  4:35  Dark Templar  
  54  4:36  Dark Templar x2  
  62  4:43  Pylon, Observer  
  57  5:03  Probe x2  
  57  5:08  Dark Templar x2  
  57  5:11  Nexus  
  57  5:13  Adept, Pylon  
  63  5:22  Probe x2  
  63  5:35  Probe x2  
  63  5:36  Adept  
  63  5:39  Shield Battery  
  63  5:40  Immortal  
  63  5:41  Forge  
  69  5:46  Dark Templar, Archon  
  69  5:47  Probe  
  69  5:48  Probe  
  73  5:50  Protoss Ground Weapons Level 1 (Chrono Boost), Archon  
  73  5:55  Adept  
  75  5:59  Probe  
  75  6:00  Probe  
  75  6:01  Adept  
  76  6:04  Blink  
  76  6:16  Immortal (Chrono Boost), Pylon  
  78  6:18  Probe x2  
  82  6:31  Sentry x2  
  82  6:32  Gateway  
  86  6:33  Gateway  
  86  6:34  Gateway  
  86  6:41  Sentry  
  86  6:43  Immortal (Chrono Boost)  
  86  6:46  Gateway  
  92  6:57  Sentry, Stalker  
  92  7:00  Archon  
  92  7:01  Probe x3  
  99  7:11  Gateway  
  99  7:13  Probe x3  
  99  7:14  Stalker, Pylon  
  103  7:19  Immortal (Chrono Boost)  
  107  7:26  Pylon  
  107  7:28  Pylon  
  107  7:33  Sentry x2  
  107  7:34  Stalker  
  107  7:36  Pylon  
  113  7:37  Photon Cannon  
  113  7:39  Stalker  
  113  7:43  Stalker, Zealot  
  119  7:44  Zealot  
  107  8:03  Stalker x4  
  113  8:12  Stalker x2  
  113  8:17  Probe x3  
  113  8:19  Assimilator  
  120  8:20  Assimilator  
  120  8:21  Photon Cannon  
  120  8:22  Pylon  
  120  8:32  Sentry, Photon Cannon, Protoss Ground Weapons Level 2 (Chrono Boost)  
  120  8:33  Zealot x3  
  128  8:35  Zealot  
  128  8:37  Immortal (Chrono Boost)  
  130  8:44  Pylon  
  130  8:45  Pylon  
  130  8:51  Shield Battery  
  130  8:58  Gateway x2  
  130  9:02  Charge  
  130  9:09  Templar Archives  
  130  9:14  Adept x2  
  130  9:15  Stalker x2  
  138  9:27  Stalker x3  
  110  9:47  Stalker x4  
  118  9:53  Stalker x5  
  106  10:11  Stalker x4  
  80  10:29  Zealot x5  
  90  10:36  Immortal (Chrono Boost)  
  90  10:37  Dark Templar  
  90  10:41  High Templar x2  
  100  10:48  Shield Battery  
  100  10:51  Shield Battery  
  100  10:52  Archon  
  98  10:58  Stalker x2  
  98  10:59  Stalker x2  
  98  11:01  Stalker x2  
  94  11:20  Stalker x3  
  94  11:22  Warp Prism (Chrono Boost)  
  94  11:29  Psionic Storm  
  94  11:35  Dark Templar  
  88  11:42  Nexus  
  88  11:44  Pylon, High Templar  
  88  11:46  High Templar  
  92  11:47  Shield Battery  
  92  11:49  Shield Battery  
  92  11:52  Zealot  
  92  11:53  Zealot  
  94  12:09  Protoss Ground Weapons Level 3 (Chrono Boost), Dark Templar  
  94  12:15  High Templar x2  
  100  12:17  Shield Battery  
  100  12:18  Shield Battery  
  100  12:20  Shield Battery, Probe x2  
  100  12:21  Probe  
  103  12:24  Assimilator  
  103  12:28  Immortal (Chrono Boost)  
  103  12:30  Assimilator  
  107  12:40  Zealot x2  
  111  12:57  High Templar  
  113  12:58  High Templar  
  113  13:03  Photon Cannon, Dark Templar  
  113  13:05  Photon Cannon  
  115  13:08  Immortal (Chrono Boost)  
  115  13:15  Probe  
  115  13:16  Probe x3  
  115  13:19  Stalker x2  
  111  13:35  High Templar x2  
  115  13:43  High Templar x2, Archon  
  115  13:44  Probe x3  
  115  13:45  Probe  
  123  13:49  Pylon  
  123  13:50  Archon  
  121  13:56  Probe x3  
  121  13:57  Probe, High Templar x2  
  124  14:03  Pylon  
  124  14:15  Nexus  
  124  14:17  Pylon  
  124  14:20  Archon  
  124  14:22  Observer (Chrono Boost)  
  125  14:27  High Templar x2  
  125  14:29  Probe x4  
  133  14:32  Archon  
  133  14:33  High Templar x2  
  133  14:34  Zealot x4  
  133  14:36  Shield Battery  
  145  14:44  Archon  
  139  14:54  Stalker x5  
  133  15:13  Archon x2  
  107  15:14  Stalker x4  
  107  15:17  Stalker  
  107  15:18  Stalker  
  119  15:26  Stalker x3  
  99  15:40  Stalker x2  
  99  15:41  Stalker x3  
  101  15:44  Stalker  
  99  15:54  Stalker  
  99  15:55  Stalker x2  
  84  16:06  Stalker x3  
  75  16:11  Stalker  
Show
View Real Time Build Order
Export as new Build Order

Armani Zerg - Winner!

Build Orders: Hatch First, Brood Lord Corruptor 

Get SALT Encoding   

  12  0:01  Drone  
  13  0:12  Overlord  
  13  0:17  Drone  
  14  0:30  Drone x2  
  16  0:46  Drone  
  17  0:53  Hatchery  
  17  0:55  Drone  
  17  0:58  Drone  
  17  1:02  Extractor  
  17  1:13  Spawning Pool  
  17  1:18  Drone  
  17  1:21  Drone  
  18  1:31  Drone  
  19  1:39  Drone  
  20  1:53  Drone  
  21  2:02  Zergling x2  
  21  2:04  Queen, Metabolic Boost  
  21  2:06  Overlord  
  24  2:09  Queen  
  24  2:13  Drone  
  27  2:18  Drone  
  28  2:24  Drone  
  28  2:29  Drone  
  30  2:38  Hatchery  
  30  2:41  Zergling x2  
  30  2:46  Queen  
  30  2:50  Drone  
  33  2:54  Overlord  
  33  2:59  Spore Crawler  
  33  3:04  Drone x4  
  36  3:13  Drone x4  
  36  3:18  Drone  
  41  3:21  Overlord  
  41  3:27  Queen  
  41  3:31  Spore Crawler  
  41  3:32  Drone  
  43  3:34  Drone  
  44  3:50  Drone x8  
  52  3:58  Roach Warren, Drone x2  
  52  4:00  Overlord  
  53  4:06  Queen  
  55  4:11  Extractor  
  55  4:13  Zergling x8  
  58  4:18  Overlord  
  58  4:22  Overlord, Spore Crawler  
  57  4:25  Zergling x2  
  57  4:28  Overlord  
  58  4:38  Zergling x18, Spore Crawler  
  61  4:53  Drone  
  61  4:54  Drone  
  61  4:57  Drone  
  61  4:58  Drone  
  61  4:59  Drone x4  
  66  5:01  Drone  
  67  5:10  Lair  
  67  5:16  Roach x4  
  67  5:18  Overlord  
  74  5:24  Overlord  
  72  5:38  Drone x2  
  72  5:39  Drone x7  
  81  5:43  Extractor  
  81  5:45  Drone  
  81  5:47  Extractor  
  81  5:48  Overlord  
  80  5:54  Roach  
  81  6:00  Drone x2  
  81  6:03  Drone  
  81  6:09  Drone x4  
  85  6:11  Glial Reconstitution  
  85  6:12  Drone  
  85  6:13  Extractor  
  85  6:17  Evolution Chamber  
  84  6:19  Overseer  
  84  6:23  Drone  
  84  6:24  Roach, Drone  
  84  6:25  Roach x3  
  91  6:27  Drone  
  92  6:34  Drone  
  92  6:35  Overseer  
  92  6:37  Baneling Nest  
  88  6:40  Drone x2  
  88  6:44  Roach x3  
  88  6:45  Overlord  
  88  6:46  Overlord  
  96  6:49  Overlord  
  96  6:51  Overlord, Drone  
  96  6:52  Drone  
  96  6:53  Overlord  
  97  6:54  Overlord  
  97  6:55  Overlord  
  97  6:57  Overlord  
  97  7:01  Zerg Melee Weapons Level 1  
  97  7:03  Roach x2  
  97  7:05  Hatchery  
  100  7:08  Ravager x2  
  100  7:09  Ravager  
  100  7:14  Roach x5  
  113  7:21  Roach x3  
  113  7:22  Roach  
  121  7:23  Zergling x8  
  125  7:30  Drone  
  125  7:33  Ravager x2  
  128  7:40  Roach  
  128  7:41  Roach x3  
  128  7:43  Zergling x6  
  139  7:45  Ravager  
  135  7:57  Roach x6  
  134  8:03  Roach x3  
  130  8:10  Zergling x12  
  133  8:20  Queen  
  133  8:22  Overseer, Centrifical Hooks, Drone x8  
  133  8:25  Pneumatized Carapace  
  143  8:28  Drone  
  143  8:32  Drone  
  143  8:34  Drone  
  146  8:35  Extractor  
  146  8:39  Ravager x2  
  146  8:40  Ravager  
  148  8:42  Overlord, Drone x3  
  148  8:43  Overlord  
  148  8:47  Drone x2  
  148  8:48  Drone x2  
  154  8:49  Drone, Spore Crawler  
  154  8:50  Overlord  
  154  8:52  Extractor, Overlord x2  
  154  8:53  Overlord  
  154  8:55  Drone x6  
  160  9:02  Evolution Chamber  
  160  9:08  Drone  
  160  9:10  Zergling x8, Ravager x2, Infestation Pit  
  164  9:17  Ravager x2  
  164  9:18  Zergling x14  
  164  9:20  Hatchery  
  165  9:24  Baneling  
  165  9:25  Baneling x8  
  165  9:27  Zergling x10  
  169  9:33  Baneling x6  
  137  9:47  Zergling x28  
  137  9:48  Zergling x6  
  137  9:49  Baneling x7  
  137  9:50  Overseer  
  152  9:54  Ravager x3  
  150  10:02  Zergling x8  
  150  10:03  Zergling x8  
  135  10:14  Zergling x8  
  121  10:20  Hive  
  120  10:21  Roach x4  
  120  10:22  Spire  
  120  10:27  Zergling x8  
  126  10:31  Zerg Melee Weapons Level 2  
  126  10:37  Baneling x5  
  126  10:38  Baneling  
  126  10:41  Drone  
  127  10:45  Baneling x5  
  127  10:46  Zergling x2  
  127  10:47  Zergling x18  
  137  10:55  Zergling x16  
  144  10:59  Overseer  
  126  11:15  Roach  
  126  11:16  Roach x8  
  123  11:29  Drone x3  
  117  11:33  Adrenal Glands  
  117  11:34  Greater Spire  
  117  11:37  Drone x9  
  117  11:39  Zergling x10  
  130  11:44  Ravager x2  
  130  11:45  Ravager x4  
  130  11:46  Drone x4  
  140  11:50  Zerg Missile Weapons Level 1  
  140  11:58  Roach x5  
  150  12:08  Drone  
  150  12:09  Drone  
  150  12:10  Baneling, Spine Crawler, Spore Crawler  
  150  12:11  Baneling x9, Spine Crawler  
  150  12:13  Drone x4  
  150  12:15  Extractor  
  152  12:19  Baneling  
  152  12:20  Baneling x3  
  152  12:22  Overlord  
  152  12:23  Overlord  
  152  12:28  Zergling x2  
  152  12:29  Zergling x20  
  162  12:31  Overlord  
  162  12:32  Baneling  
  162  12:33  Baneling x4  
  162  12:39  Corruptor x2  
  162  12:40  Corruptor  
  165  13:02  Drone  
  165  13:03  Extractor  
  165  13:05  Corruptor x4  
  171  13:13  Overlord  
  171  13:14  Zerg Flyer Weapons Level 1  
  171  13:17  Spine Crawler  
  171  13:18  Spine Crawler x2  
  166  13:22  Spine Crawler  
  158  13:35  Zergling x16  
  158  13:41  Spine Crawler, Drone  
  166  13:43  Overseer  
  166  13:44  Brood Lord x5  
  166  13:46  Brood Lord  
  177  13:51  Overseer  
  177  13:55  Brood Lord  
  178  13:58  Zergling x26  
  178  13:59  Zergling x18  
  178  14:02  Overlord  
  194  14:14  Baneling x19  
  194  14:15  Baneling  
  194  14:16  Baneling, Overlord  
  194  14:19  Overlord  
  194  14:23  Baneling x7  
  194  14:30  Zergling x10  
  199  14:31  Baneling  
  199  14:32  Baneling x8  
  199  14:34  Baneling  
  199  14:35  Baneling  
  199  14:38  Hatchery  
  189  14:46  Zergling x20  
  189  14:48  Baneling x3  
  189  14:49  Baneling x6  
  188  14:55  Corruptor x3  
  154  15:14  Zergling x8  
  154  15:15  Zergling x38  
  154  15:18  Ravager x5  
  154  15:35  Roach x10  
  165  15:39  Brood Lord x2  
  165  15:41  Brood Lord  
  165  15:42  Zergling x4  
  169  15:48  Baneling  
  169  15:49  Baneling x4  
  165  15:54  Zergling x20  
  161  15:58  Baneling x8  
Tags
 
Add a new tag
Caveats
  • Supply blocks, unpowered buildings, or Contaminate may cause inaccurate times.
  • Supply counts are checked every 10 seconds.